 Dungeon Crawl Stone Soup version 0.28-a0-938-gbc3f381ebc (webtiles) character file.

Game seed: 1345514686308488938

3775 ragingrage the Impaler (level 10, -1/75 HPs)
             Began as a Merfolk Gladiator on Nov 30, 2021.
             Was a Priest of Okawaru.
             Killed from afar by an electric eel (12 damage)
             ... with a bolt of electricity
             ... on level 8 of the Dungeon.
             The game lasted 00:08:54 (8156 turns).

ragingrage the Impaler (Merfolk Gladiator)          Turns: 8156, Time: 00:08:55

Health: -1/75      AC: 11    Str: 24    XL:     10   Next: 16%
Magic:  10/10      EV: 29    Int:  7    God:    Okawaru [***...]
Gold:   156        SH:  0    Dex: 16    Spells: 9/9 levels left

rFire   + . .      SeeInvis .   a - +1 trident (vamp)
rCold   + . .      Faith    .   (no shield)
rNeg    . . .      Spirit   .   j - +3 ring mail {rPois}
rPois   +          Reflect  .   A - +2 hat
rElec   .          Harm     .   w - scarf {rC+ rF+}
rCorr   +          Rampage  .   (no gloves)
Will    .....                   x - +0 pair of boots
Stlth   +.........              e - amulet of the acrobat
HPRegen 0.22/turn               k - ring of resist corrosion
MPRegen 0.12/turn               m - +6 ring of strength

@: acrobatic
A: (nimble swimmer 2), mertail
a: Renounce Religion, Heroism


You were on level 8 of the Dungeon.
You worshipped Okawaru.
Okawaru was most pleased with you.
You visited 1 branch of the dungeon, and saw 8 of its levels.

You collected 264 gold pieces.
You spent 108 gold pieces at shops.

Inventory:

Hand Weapons
 a - a +1 vampiric trident (weapon)
 n - a +0 glaive
 s - a +0 hand axe of electrocution
Missiles
 c - 6 silver javelins (quivered)
 d - a throwing net
 p - a curare-tipped dart
Armour
 j - a +3 ring mail of poison resistance (worn)
 w - a scarf of resistance (worn)
 x - a +0 pair of boots (worn)
 y - a +1 scale mail of cold resistance
 A - a +2 hat (worn)
Jewellery
 e - an amulet of the acrobat (around neck)
 h - a ring of magical power
 k - a ring of resist corrosion (left hand)
 m - a +6 ring of strength (right hand)
Wands
 C - a wand of iceblast (1)
Scrolls
 f - 3 scrolls of enchant weapon
 g - a scroll of brand weapon
 r - 4 scrolls of identify
 t - 2 scrolls of amnesia
 u - a scroll of enchant armour
 v - a scroll of fear
 B - a scroll of teleportation
Potions
 b - a potion of magic {unknown}
 i - a potion of lignification
 l - 2 potions of ambrosia {unknown}
 o - 3 potions of heal wounds
 q - 2 potions of flight {unknown}
 z - 2 potions of curing {unknown}


   Skills:
 + Level 5.6 Fighting
 - Level 16.0 Polearms
 + Level 4.8 Throwing
 + Level 3.1 Armour
 + Level 7.0 Dodging


You had 9 spell levels left.
You didn't know any spells.
Your spell library contained the following spells:

 Spells                   Type           Power      Damage    Failure   Level
 Corpse Rot               Necr/Air       0%         N/A       71%         2
 Ensorcelled Hibernation  Hex/Ice        0%         N/A       71%         2
 Poisonous Vapours        Pois/Air       0%         N/A       71%         2
 Dazzling Flash           Conj/Hex       0%         N/A       91%         3
 Agony                    Necr           0%         N/A       100%        5
 Silence                  Hex/Air        0%         N/A       100%        5
 Tukima's Dance           Hex            Unusable   N/A       N/A         3

Dungeon Overview and Level Annotations

Branches:
Dungeon (8/15)             Temple (0/1) D:4            Lair (0/6) D:8

Altars:
Fedhas
Okawaru
Vehumet

Shops:
D:4 [

Annotations:
D:3 1 runed translucent door, Crazy Yiuf
D:6 exclusion: downstairs
D:7 exclusion: downstairs


Innate Abilities, Weirdness & Mutations

((You are quick and stealthy near water. (Stealth+, EV+, Speed+++)))
Your lower body shifts to a powerful aquatic tail in water.


Message History

The electric eel is heavily wounded.
The electric eel shoots out a bolt of lightning at you!
The bolt of electricity hits you.
Reach: a) +1 trident (vamp)
Press: ? - help, Dir - move target, f/p - electric eel
Aim: an electric eel (water, heavily wounded, about 44% to evade your +1 vampiric trident)
You reach to attack!
You puncture the electric eel!
You kill the electric eel!
Okawaru accepts your kill.
You hear a splash.
Your Dodging skill increases to level 7!
Reach: a) +1 trident (vamp)
Press: ? - help, Dir - move target, f - you That would be overly suicidal.
Okay, then.
The electric eel shoots out a bolt of lightning at you!
The bolt of electricity hits you. The bolt of electricity hits you!
The bolt of electricity hits the electric eel.
The electric eel completely resists.
Reach: a) +1 trident (vamp)
Press: ? - help, Dir - move target, f - electric eel
Aim: an electric eel (water, about 44% to evade your +1 vampiric trident)
You reach to attack!
You miss the electric eel.
The electric eel shoots out a bolt of lightning at you!
The bolt of electricity hits the electric eel.
The electric eel completely resists.
The bolt of electricity misses you.
The electric eel shoots out a bolt of lightning at you!
The bolt of electricity hits you! x2
The electric eel shoots out a bolt of lightning at you!
The bolt of electricity hits you.
The electric eel shoots out a bolt of lightning at you!
The bolt of electricity misses you.
The electric eel shoots out a bolt of lightning at you!
The bolt of electricity hits you!
The electric eel shoots out a bolt of lightning at you!
The bolt of electricity hits you!
* * * LOW HITPOINT WARNING * * *
The electric eel shoots out a bolt of lightning at you!
The bolt of electricity hits you!
You die...

#.#...#.........
...
#.###.#......≈≈.
... #.#
#.......≈≈≈. ≈..
#.# ###...≈.≈≈≈.
.≈≈≈. #.#
#....≈≈≈≈. ≈≈≈≈.
#.# #.$≈..≈≈≈.
≈≈≈S.
#.######..≈≈.≈≈.
≈≈≈..
#.........≈≈≈...
≈≈≈..
#....@...S†≈≈≈..
.≈≈≈.
#.......≈≈≈≈≈≈..
F≈≈S.
#.......≈≈≈≈≈≈..
.≈≈≈.
#.......≈≈S≈≈≈.>
≈.≈≈≈
#.......≈≈≈≈≈S..
.≈≈≈.
#.###...≈≈≈≈≈.≈.
.≈≈≈K #.#
#.#.≈≈≈≈≈≈≈≈
≈≈≈..
#.##..#...≈≈≈
≈≈≈.. #.#..#
≈≈S≈≈


You could see 2 electric eels.

Vanquished Creatures
  A troll (D:8)
  A spriggan (D:7)
  4 orc warriors
  2 sky beasts
  A necrophage (D:6)
  2 ogres
  2 centaurs
  3 wolves
  A phantom (D:7)
  Blork the orc (D:5)
  A kobold brigand (D:7)
  2 bullfrogs
  2 scorpions
  3 wights (D:8)
  2 electric eels (D:8)
  3 howler monkeys
  3 centaur zombies
  5 orc priests
  5 hounds
  2 gnoll shamans (D:7)
  A bullfrog skeleton (D:7)
  A centaur skeleton (D:7)
  An iguana (D:5)
  Terence (D:3)
  7 orc wizards
  A scorpion zombie (D:5)
  A killer bee zombie (D:8)
  A hound skeleton (D:5)
  13 gnolls
  A howler monkey skeleton (D:7)
  9 adders
  2 shadow imps (D:5)
  An ufetubus (D:4)
  4 worms
  A dart slug (D:3)
  22 orcs
  3 ball pythons
  5 bats
  5 endoplasms
  5 giant cockroaches
  3 hobgoblins
  3 jackals (D:4)
  11 kobolds
  7 quokkas
  2 frilled lizards
  6 goblins
  4 rats
167 creatures vanquished.

Notes
Turn   | Place    | Note
-------+----------+-------------------------------------------
     0 | D:1      | ragingrage the Merfolk Gladiator began the quest for the
                  | Orb.
     0 | D:1      | Reached XP level 1. HP: 16/16 MP: 1/1
   101 | D:1      | Reached skill level 5 in Polearms
   123 | D:1      | Reached XP level 2. HP: 19/22 MP: 2/2
   258 | D:1      | Found a faded altar of an unknown god.
   470 | D:2      | Noticed an ogre
   484 | D:2      | Killed an ogre
   485 | D:2      | Reached skill level 7 in Polearms
   485 | D:2      | Reached XP level 3. HP: 24/27 MP: 3/3
   485 | D:2      | Reached XP level 4. HP: 29/33 MP: 4/4
   574 | D:1      | HP: 2/49 [poisoned by an adder]
   907 | D:2      | Reached skill level 8 in Polearms
   909 | D:2      | Reached XP level 5. HP: 28/38 MP: 5/5
  1351 | D:2      | Found an iron altar of Okawaru.
  1472 | D:2      | Became a worshipper of Warmaster Okawaru
  1600 | D:3      | Found a radiant altar of Vehumet.
  2041 | D:3      | Noticed Terence
  2055 | D:3      | Killed Terence
  2056 | D:3      | Reached skill level 9 in Polearms
  2242 | D:3      | Found a runed translucent door.
  2243 | D:3      | Noticed Crazy Yiuf
  2799 | D:4      | Found Neyrgh's Antique Armour Boutique.
  2802 | D:4      | Bought a distressingly furry robe for 108 gold pieces
  2802 | D:4      | Identified the +0 robe "Mocudih" {Contam +Inv Dex+4} (You
                  | bought it in a shop on level 4 of the Dungeon)
  2811 | D:4      | Found a staircase to the Ecumenical Temple.
  2883 | D:4      | Reached XP level 6. HP: 35/44 MP: 6/6
  3151 | D:4      | Reached skill level 10 in Polearms
  3187 | D:4      | Found a blossoming altar of Fedhas.
  3801 | D:5      | Entered Level 5 of the Dungeon
  3834 | D:5      | Noticed an orc warrior
  3835 | D:5      | Noticed Blork the orc
  3880 | D:5      | Reached * piety under Okawaru
  3881 | D:5      | Reached skill level 12 in Polearms
  3881 | D:5      | Reached XP level 7. HP: 42/50 MP: 7/7
  4000 | D:5      | Reached skill level 13 in Polearms
  4000 | D:5      | Reached XP level 8. HP: 53/56 MP: 5/8
  4111 | D:5      | Killed Blork the orc
  4722 | D:6      | HP: 1/57 [orc priest/divine providence (14)]
  4867 | D:5      | Reached ** piety under Okawaru
  5032 | D:6      | Reached skill level 14 in Polearms
  5032 | D:6      | Reached skill level 1 in Armour
  5842 | D:6      | Reached skill level 5 in Dodging
  5882 | D:6      | Reached XP level 9. HP: 64/64 MP: 9/9
  5940 | D:6      | Found an iron altar of Okawaru.
  6413 | D:7      | Reached *** piety under Okawaru
  6470 | D:7      | Reached skill level 15 in Polearms
  7087 | D:7      | Received a gift from Okawaru
  7482 | D:8      | Noticed a troll
  7493 | D:8      | Killed a troll
  7494 | D:8      | Reached skill level 5 in Fighting
  7529 | D:7      | Reached XP level 10. HP: 27/74 MP: 10/10
  7754 | D:7      | Received a gift from Okawaru
  7939 | D:8      | Reached skill level 16 in Polearms
  8143 | D:8      | Found a staircase to the Lair.
  8156 | D:8      | Killed from afar by an electric eel

Illustrated notes

Levels and vault maps discovered:
D:1:      dpeg_arrival_tiny_b, layout_rooms, ebering_ecumenical_altar_abandoned
D:2:      layout_rooms, basic_altar, chequers_mini_garden
D:3:      layout_loops_corners, mainiacjoe_overflow_concentric_impassable,
          uniq_crazy_yiuf_cottage, uniq_terence
D:4:      nicolae_cairo_tiling_large_dashed, layout_loops_corners,
          mainiacjoe_overflow_catwalk, temple_doors_ab, serial_shops,
          kennysheep_mini
D:5:      layout_rooms, uniq_blork_the_orc
D:6:      layout_basic, okawaru_altar_gauntlet_db, serial_corexii_hall,
          chequers_hall_statues_y, corexii_hall_statues_u, chequers_avenue
D:7:      layout_rooms, the_hattery
D:8:      layout_rooms, doesnt_xom_only_xom, nicolae_uskayaw_dance_hall,
          erik_lair_island

Skill      XL: |  1  2  3  4  5  6  7  8  9 10 |
---------------+-------------------------------+-----
Polearms       | 5 7 8 9 12 13 14 15 16 | 16.0
Armour         | 1 2 3 |  3.1
Fighting       | 3 5 |  5.6
Throwing       | 3 4 |  4.8
Dodging        | 5 6 7 |  7.0

Action                   |  1- 3 |  4- 6 |  7- 9 | 10-12 || total
-------------------------+-------+-------+-------+-------++-------
Melee: Trident           |    46 |   219 |   380 |    54 ||   699
Throw: Throwing net      |     1 |     1 |     1 |       ||     3
Invok: Heroism           |       |       |     5 |       ||     5
  Use: Potion            |       |     1 |     1 |       ||     2
       Scroll            |       |     5 |     5 |       ||    10
 Stab: Held in net/web   |       |       |     2 |       ||     2
Armor: Leather armour    |    10 |     8 |       |       ||    18
       Ring mail         |       |    39 |    65 |     9 ||   113
Dodge: Dodged            |    18 |   104 |   166 |    44 ||   332

Table legend: (Time is in decaauts)
 A = Elapsed time spent in this place.
 B = Non-inter-level travel time spent in this place.
 C = Inter-level travel time spent in this place.
 D = Time resting spent in this place.
 E = Time spent auto-exploring this place.
 F = Levels seen in this place.
 G = Mean time per level.
                   A        B        C        D        E       F      G
               +--------+--------+--------+--------+--------+-----+--------+
         Total |   7966 |   7435 |    531 |   1541 |   4435 |   8 |  995.8 |
       Dungeon |   7966 |   7435 |    531 |   1541 |   4435 |   8 |  995.8 |
               +--------+--------+--------+--------+--------+-----+--------+

Top non-repeatable levels by time:
     D:6: 1384 daAuts
     D:3: 1249 daAuts
     D:7: 1116 daAuts
     D:4: 1048 daAuts
     D:5: 1030 daAuts
     D:1: 793 daAuts
     D:2: 689 daAuts
     D:8: 655 daAuts
